 Dungeon Crawl Stone Soup version 0.25-a0-404-gc1b5a34 (webtiles) character file.

Game seed: 13514066488361597880, levelgen mode: deterministic

107 Firecrotchwizard the Skirmisher (level 4, -2/49 HPs)
             Began as an Ogre Berserker on Jan 12, 2020.
             Was a Believer of Trog.
             Killed by divine providence
             ... invoked by an orc priest
              (11 damage)
             ... on level 3 of the Dungeon.
             The game lasted 00:03:22 (1419 turns).

Firecrotchwizard the Skirmisher (Ogre Berserker)    Turns: 1419, Time: 00:03:23

Health: -2/49      AC:  6    Str: 22    XL:     4   Next: 85%
Magic:  4/4        EV: 10    Int:  8    God:    Trog [**....]
Gold:   69         SH:  0    Dex:  8    Spells: 3/3 levels left

rFire    . . .     SeeInvis .   a - +0 mace
rCold    . . .     Gourm    .   (no shield)
rNeg     . . .     Faith    .   b - +0 animal skin
rPois    .         Spirit   .   (helmet restricted)
rElec    .         Reflect  .   f - +2 cloak {+Inv}
rCorr    .         Harm     .   (gloves unavailable)
MR       ++...                  (boots unavailable)
Stlth    +.........             (no amulet)
HPRegen  1.16/turn              (no ring)
MPRegen  0.09/turn              (no ring)

@: berserk cooldown, regenerating, slowed, very slow
A: large, unfitting armour, tough skin 1
a: Berserk, Trog's Hand, Renounce Religion, Evoke Invisibility


You were on level 3 of the Dungeon.
You worshipped Trog.
Trog was pleased with you.
You were very hungry.

You visited 1 branch of the dungeon, and saw 3 of its levels.

You collected 69 gold pieces.

Inventory:

Hand Weapons
 a - a +0 mace (weapon)
Armour
 b - a +0 animal skin (worn)
 f - a +2 cloak of invisibility (worn)
   (You found it on level 1 of the Dungeon)
Jewellery
 h - an uncursed amulet of guardian spirit {unknown}
   (You found it on level 1 of the Dungeon)
 m - a cursed -3 ring of dexterity {unknown}
   (You found it on level 2 of the Dungeon)
Scrolls
 e - 3 scrolls of teleportation {unknown}
 l - 2 scrolls of remove curse {unknown}
Potions
 g - a potion of degeneration {unknown}
 i - 3 potions of curing {unknown}
 j - a potion of invisibility {unknown}
 k - a potion of heal wounds {unknown}
Comestibles
 c - 6 rations
 d - 2 chunks of flesh {@w0}


   Skills:
 + Level 4.9 Fighting
 * Level 4.0 Maces & Flails
 + Level 3.3 Dodging


You had 3 spell levels left.
You didn't know any spells.
Your spell library was empty.

Dungeon Overview and Level Annotations

Branches:
Dungeon (3/15)

Altars:
Sif Muna


Innate Abilities, Weirdness & Mutations

You are too large for most types of armour.
You have tough skin. (AC +1)


Message History

You climb downwards.
An adder, a kobold and an orc come into view.
The kobold shouts!
The adder hisses angrily.
The orc shouts!
You hear a bark!
You hear a shout!
Found a ration and a scroll labeled FYATENOSSA.
Found a stone staircase leading up.
There is a stone staircase leading up here.
The kobold throws a stone.
The stone barely misses you.
You hit the orc.
You kill the orc!
Trog accepts your kill.
The kobold throws a stone.
The stone hits you.
You take 2 damage, and have 47/49 hp.
You hit the adder.
A jackal comes into view.
The adder barely misses you.
The kobold throws a stone.
The stone closely misses you.
The jackal barks!
You sock the adder!
You kill the adder!
Trog accepts your kill.
Your Maces & Flails skill increases to level 4!
You hear a shout!
A jackal comes into view.
An orc comes into view. It is wielding a +0 mace.
The orc shouts!
The jackal barks!
You hear a shout! x2
A jackal comes into view.
A jackal and an orc come into view.
The jackal barks!
You hear a shout!
The kobold closely misses you. The jackal barely misses you.
The jackal barks!
You hit the jackal but do no damage. The kobold closely misses you.
The kobold hits you with a +0 short sword.
You take 5 damage, and have 43/49 hp.
You thump the jackal!
You kill the jackal!
Trog accepts your kill.
An orc comes into view.
The jackal bites you but does no damage.
An orc priest comes into view.
The kobold hits you with a +0 short sword.
You take 2 damage, and have 41/49 hp.
You closely miss the jackal. The jackal barely misses you. x2
The kobold hits you but does no damage.
You barely miss the orc. The jackal bites you. The jackal misses you.
The kobold hits you with a +0 short sword.
The jackal bites you but does no damage.
The orc barely misses you.
The jackal bites you but does no damage.
The jackal misses you.
You take 4 damage, and have 37/49 hp.
You hit the orc.
The jackal bites you. x2; The kobold barely misses you.
The jackal bites you but does no damage.
The orc hits you with a +0 mace.
The jackal bites you but does no damage.
You take 5 damage, and have 32/49 hp.
Your skin crawls.
You feel resistant to hostile enchantments.
You feel quite a bit more hungry.
The jackal bites you but does no damage.
The jackal closely misses you.
The orc priest invokes the aid of Beogh against you.
Beogh smites you! The kobold misses you.
The jackal bites you but does no damage.
The jackal bites you. The orc closely misses you. The jackal bites you.
You hear a shout!
You take 12 damage, and have 20/49 hp.
MASSIVE DAMAGE!!
A red film seems to cover your vision as you go berserk!
You feel yourself moving faster!
You feel mighty!
You are feeling very hungry.
You hear a shout!
The jackal bites you.
The orc priest mumbles some strange prayers to Beogh against you.
Beogh smites you!
* * * LOW HITPOINT WARNING * * *
A kobold comes into view.
The orc hits you with a +0 falchion.
* * * LOW HITPOINT WARNING * * *
The kobold barely misses you.
The jackal bites you but does no damage.
The jackal misses you. x2
You now have 13/73 hp.
You feel a strong urge to attack something.
The orc hits you with a +0 mace.
* * * LOW HITPOINT WARNING * * *
The orc barely misses you.
You see here a stone.
You take 1 damage, and have 12/73 hp.
You feel your anger nearly subside.
You are no longer berserk.
You are exhausted.
You feel yourself slow down.
There is a stone staircase leading up here.
You now have 9/49 hp.
The orc hits you with a +0 falchion.
* * * LOW HITPOINT WARNING * * *
The jackal barely misses you.
The orc priest calls down the wrath of Beogh upon you.
Beogh smites you!
You die...

########
##......##
##.(......##
#....@.....#
#..Khoo....#
#....o..?..#
#...hh.....#
#......o...#
##....<...##
#...........#
#........K..#
#...........#


You could see an orc priest, 3 orcs, 3 jackals and 2 kobolds.

Vanquished Creatures
  2 adders
  3 oozes
  2 worms (D:2)
  2 dart slugs
  2 leopard geckos
  An orc (D:3)
  4 bats
  3 giant cockroaches
  8 goblins
  7 hobgoblins
  6 jackals
  3 kobolds
  2 quokkas (D:2)
  A ball python (D:2)
  5 frilled lizards
  8 rats
59 creatures vanquished.

Notes
Turn   | Place    | Note
-------+----------+-------------------------------------------
     0 | D:1      | Firecrotchwizard the Ogre Berserker began the quest for the
                  | Orb.
     0 | D:1      | Reached XP level 1. HP: 24/24 MP: 1/1
    66 | D:1      | Reached skill level 3 in Maces & Flails
    66 | D:1      | Reached XP level 2. HP: 32/32 MP: 2/2
   302 | D:1      | Reached skill level 3 in Dodging
   360 | D:1      | Reached XP level 3. HP: 36/40 MP: 3/3
   680 | D:2      | Reached ** piety under Trog
   826 | D:2      | Reached XP level 4. HP: 43/49 MP: 4/4
  1279 | D:2      | Found a shimmering blue altar of Sif Muna.
  1406 | D:3      | Reached skill level 4 in Maces & Flails
  1415 | D:3      | HP: 14/73 [orc priest/divine providence (16)]
  1419 | D:3      | Killed from afar by an orc priest

Levels and vault maps discovered:
D:1:      scummos_arrival_forest, layout_loops_ring, serial_rivers,
          chequers_serial_rivers_small_a, chequers_serial_rivers_marsh,
          chequers_serial_rivers_micro_b, chequers_serial_rivers_room_b,
          chequers_serial_rivers_small_3
D:2:      layout_loops_ring, lemuel_coloured_pillars_altar
D:3:      layout_rooms, old_standard_altar, nemelex_xobeh_ov_fountains_minmay,
          minivault_24

Skill      XL: |  1  2  3  4 |
---------------+-------------+-----
Maces & Flails | 3 4 |  4.0
Dodging        | 3 |  3.3
Fighting       | |  4.9

Action                   |  1- 3 |  4- 6 || total
-------------------------+-------+-------++-------
Melee: Mace              |    83 |    74 ||   157
Invok: Berserk           |       |     1 ||     1
       Trog's Hand       |       |     1 ||     1
  Use: Scroll            |     1 |       ||     1
  Eat: Chunk             |       |     2 ||     2
Armor: Animal skin       |    28 |    28 ||    56
Dodge: Dodged            |    64 |    60 ||   124

Table legend:
 A = Non-vault XP
 B = Vault XP
 C = Vault XP percentage of total XP
 D = Non-vault monster count
 E = Vault monster count
 F = Vault count percentage of total count
                 A         B        C        D         E       F
            +---------+---------+-------+---------+---------+-------
      Total |     153 |       0 |   0.0 |      59 |       0 |   0.0
            +---------+---------+-------+---------+---------+-------
        D:1 |      47 |       0 |   0.0 |      22 |       0 |   0.0
        D:2 |      88 |       0 |   0.0 |      34 |       0 |   0.0
        D:3 |      18 |       0 |   0.0 |       3 |       0 |   0.0
            +---------+---------+-------+---------+---------+-------

Levels and vault maps discovered:
D:1:      scummos_arrival_forest, layout_loops_ring, serial_rivers,
          chequers_serial_rivers_small_a, chequers_serial_rivers_marsh,
          chequers_serial_rivers_micro_b, chequers_serial_rivers_room_b,
          chequers_serial_rivers_small_3
D:2:      layout_loops_ring, lemuel_coloured_pillars_altar
D:3:      layout_rooms, old_standard_altar, nemelex_xobeh_ov_fountains_minmay,
          minivault_24

Table legend:
 A = Turns spent in this place as a percentage of turns spent in the entire game.
 B = Non-inter-level travel turns spent in this place as a percentage of non-inter-level travel turns spent in the entire game.
 C = Inter-level travel turns spent in this place as a percentage of turns spent in this place.
 D = Turns resting spent in this place as a percentage of non-inter-level travel turns spent in this place.
 E = Turns spent auto-exploring this place as a percentage of non-inter-level travel turns spent in this place.
 F = Non-inter-level travel turns spent in this place divided by the number of levels of this place that you've seen.
                   A       B       C       D       E      F
               +-------+-------+-------+-------+-------+----------------------
         Total | 100.0 | 100.0 |   2.9 |  10.3 |  65.8 | 459.3
       Dungeon | 100.0 | 100.0 |   2.9 |  10.3 |  65.8 | 459.3
               +-------+-------+-------+-------+-------+----------------------

Table legend:
 A = Kills in this place as a percentage of kills in entire the game.
 B = Kills by you in this place as a percentage of kills by you in the entire game.
 C = Kills by friends in this place as a percentage of kills by friends in the entire game.
 D = Other kills in this place as a percentage of other kills in the entire game.
 E = Experience gained in this place as a percentage of experience gained in the entire game.
 F = Experience gained in this place divided by the number of levels of this place that you have seen.
                   A       B       C       D       E      F
               +-------+-------+-------+-------+-------+----------------------
         Total | 100.0 | 100.0 |   N/A |   N/A | 100.0 |  51.0
       Dungeon | 100.0 | 100.0 |   N/A |   N/A | 100.0 |  51.0
               +-------+-------+-------+-------+-------+----------------------
